Map: Glittering Ashes LE

Players

SuperNova - Winner!

  • Race: Terran Terran
  • League: Grandmaster

MCanning

  • Race: Protoss Protoss
  • League: Grandmaster

VOD

Have the link to the VOD?

Description

Time

  • Played on: Feb. 23, 2022, 1:10 a.m.
  • Length: 21:01
Show
View Real Time Build Order
Export as new Build Order

SuperNova Terran - Winner!

Build Orders: Liberator Opening, Reaper Expand, Mech 

Get SALT Encoding   

  12  0:00  SCV  
  13  0:12  SCV  
  14  0:17  Supply Depot  
  14  0:26  SCV  
  15  0:38  SCV  
  15  0:41  Barracks  
  16  0:43  Refinery  
  16  0:50  SCV  
  17  1:02  SCV  
  18  1:15  SCV  
  19  1:27  Orbital Command  
  19  1:28  Reaper  
  20  1:42  Command Center  
  20  1:53  Supply Depot  
  20  1:54  SCV  
  20  2:00  Marine  
  22  2:08  Factory  
  22  2:11  SCV  
  23  2:16  Refinery  
  23  2:22  Barracks Reactor  
  23  2:23  SCV  
  23  2:29  Bunker  
  24  2:35  SCV  
  25  2:47  SCV  
  26  2:54  Starport  
  26  2:56  Orbital Command, Refinery  
  26  3:00  SCV  
  26  3:05  Widow Mine  
  29  3:10  Marine x2  
  31  3:14  SCV  
  32  3:24  SCV  
  32  3:26  SCV  
  34  3:29  Marine x2  
  34  3:33  Fusion Core  
  35  3:37  SCV  
  35  3:38  SCV  
  37  3:43  Liberator  
  40  3:49  SCV  
  40  3:50  SCV  
  40  3:51  Supply Depot  
  40  3:52  Marine  
  40  3:53  Marine  
  44  3:56  Factory Tech Lab  
  44  4:01  SCV  
  44  4:02  SCV  
  46  4:14  Supply Depot  
  46  4:15  Siege Tank, SCV x2  
  51  4:18  Marine x2  
  51  4:23  Advanced Ballistics  
  53  4:27  SCV  
  54  4:36  SCV, Supply Depot  
  54  4:38  Liberator  
  58  4:41  SCV  
  58  4:42  Engineering Bay  
  58  4:44  Marine x2  
  61  4:57  SCV  
  61  4:58  Siege Tank, SCV, Supply Depot  
  66  5:04  Marine x2  
  68  5:09  SCV  
  68  5:10  Missile Turret, SCV  
  70  5:21  Command Center, SCV  
  71  5:25  Liberator  
  71  5:26  SCV  
  75  5:29  Supply Depot  
  75  5:30  Refinery  
  76  5:42  Siege Tank  
  78  5:52  Marine  
  78  5:53  SCV  
  80  5:59  SCV  
  80  6:00  Factory  
  80  6:01  Marine, Factory  
  80  6:06  SCV  
  80  6:10  Marine, Starport Tech Lab  
  82  6:11  SCV  
  82  6:14  Siege Tank  
  86  6:26  Infernal Pre-Igniter  
  86  6:29  Supply Depot  
  86  6:32  SCV  
  87  6:33  Orbital Command  
  87  6:36  SCV, Armory  
  88  6:44  Armory  
  88  6:50  SCV x2  
  90  6:56  Orbital Command  
  90  6:59  Hellion x2  
  90  7:00  Siege Tank  
  97  7:03  Siege Tank  
  97  7:04  SCV  
  97  7:08  SCV  
  102  7:15  Command Center, Refinery  
  102  7:16  SCV  
  102  7:18  Bunker, Supply Depot  
  102  7:19  Refinery, Supply Depot  
  102  7:20  SCV  
  104  7:29  SCV x2  
  103  7:32  Hellion x2, SCV  
  108  7:39  Siege Tank  
  108  7:40  Supply Depot  
  108  7:41  Starport Tech Lab, SCV x2  
  113  7:44  SCV  
  113  7:45  Supply Depot x2  
  113  7:50  Bunker  
  114  7:53  SCV x2  
  114  7:56  SCV  
  114  7:57  Missile Turret  
  117  7:59  Sensor Tower  
  117  8:00  Missile Turret, Terran Vehicle And Ship Armor Level 1, Terran Vehicle Weapons Level 1  
  117  8:02  Missile Turret  
  117  8:05  SCV x2  
  118  8:07  Raven  
  118  8:08  Missile Turret, SCV  
  122  8:14  Hellion  
  122  8:17  SCV x2  
  126  8:21  Siege Tank x2, SCV  
  126  8:24  Hellion  
  135  8:29  SCV  
  135  8:33  SCV x2  
  135  8:34  Command Center  
  138  8:44  Starport  
  138  8:49  Command Center  
  138  8:50  Starport  
  138  8:54  Missile Turret  
  142  8:55  Hellion x2  
  142  9:06  Siege Tank  
  142  9:09  Hellion x6  
  145  9:12  SCV x2  
  145  9:14  Siege Tank  
  145  9:16  Weapon Refit  
  150  9:18  Missile Turret x2  
  150  9:19  Missile Turret  
  150  9:20  SCV  
  150  9:21  Refinery  
  151  9:24  Starport Tech Lab  
  151  9:25  Refinery  
  151  9:26  Starport Tech Lab  
  151  9:27  Starport  
  151  9:31  Planetary Fortress  
  151  9:37  Battlecruiser  
  151  9:38  Sensor Tower  
  157  9:42  SCV x2  
  157  9:43  SCV  
  160  9:50  Orbital Command  
  160  9:54  Battlecruiser, SCV x2  
  168  10:01  Missile Turret  
  168  10:02  Missile Turret  
  168  10:07  Hellion x2, Orbital Command  
  172  10:11  Missile Turret  
  172  10:12  Battlecruiser  
  172  10:13  Starport Tech Lab  
  178  10:18  Terran Ship Weapons Level 1  
  178  10:20  Command Center  
  178  10:22  Terran Vehicle And Ship Armor Level 2  
  174  10:29  Missile Turret  
  168  10:37  Battlecruiser  
  168  10:42  Command Center x2  
  172  10:46  SCV x2  
  172  10:51  Battlecruiser  
  172  10:53  Drilling Claws  
  172  10:55  Hellion x4  
  176  11:05  Missile Turret  
  176  11:07  Missile Turret  
  176  11:09  Battlecruiser  
  182  11:25  Battlecruiser  
  175  11:44  Command Center  
  175  11:46  Battlecruiser  
  181  11:47  Widow Mine  
  181  11:48  Widow Mine x2  
  181  11:49  Widow Mine  
  187  11:57  Orbital Command  
  187  12:00  Battlecruiser, Orbital Command  
  193  12:05  Hi-Sec Auto Tracking  
  193  12:08  Missile Turret  
  193  12:10  Command Center  
  193  12:17  Missile Turret  
  193  12:23  Battlecruiser  
  193  12:24  Terran Ship Weapons Level 2  
  198  12:38  Terran Vehicle And Ship Armor Level 3  
  196  13:05  Orbital Command  
  196  13:49  Orbital Command  
  196  14:02  Command Center  
  196  14:03  Command Center  
  196  14:04  Missile Turret x3  
  196  14:08  Battlecruiser  
  182  14:23  Battlecruiser  
  182  14:24  Battlecruiser  
  192  14:30  Battlecruiser, Refinery  
  198  14:32  Refinery  
  198  14:34  Missile Turret  
  190  14:49  Terran Ship Weapons Level 3  
  184  14:55  Command Center  
  184  14:57  Refinery  
  184  15:00  Refinery  
  184  15:03  Widow Mine x4  
  190  15:13  Battlecruiser  
  162  15:24  Widow Mine x3  
  162  15:27  Command Center  
  162  15:28  Battlecruiser x2  
  180  15:31  Widow Mine  
  180  15:35  Battlecruiser  
  187  15:50  Command Center  
  187  16:03  Widow Mine x2  
  185  16:17  Battlecruiser  
  191  16:21  Widow Mine  
  187  16:32  Battlecruiser x2  
  199  16:55  Missile Turret  
  199  16:59  Missile Turret x2  
  199  17:01  Missile Turret  
  199  17:02  Missile Turret  
  199  17:03  Missile Turret x2  
  199  17:05  Missile Turret x2  
  199  17:08  Widow Mine  
  196  17:24  Widow Mine, Refinery  
  196  17:26  Widow Mine, Refinery  
  200  17:32  Planetary Fortress  
  200  17:33  Missile Turret  
  200  17:34  Missile Turret  
  200  17:36  Missile Turret  
  179  17:37  Widow Mine x2  
  180  17:46  Widow Mine  
  180  17:47  Battlecruiser, Widow Mine  
  180  17:49  Battlecruiser  
  195  17:59  Widow Mine x2  
  193  18:08  Battlecruiser  
  199  18:14  Refinery  
  199  18:21  Missile Turret  
  199  18:22  Missile Turret  
  199  18:23  Missile Turret, Refinery  
  199  18:26  Missile Turret, Command Center  
  199  18:29  Missile Turret  
  199  18:30  Missile Turret  
  196  18:37  Battlecruiser  
  196  18:40  Widow Mine  
  196  18:55  Battlecruiser  
  200  18:57  Widow Mine  
  200  19:02  Battlecruiser  
  189  19:03  Widow Mine  
  175  19:37  Orbital Command  
  171  19:45  Missile Turret  
  171  19:52  Supply Depot  
  171  19:53  Supply Depot  
  171  19:55  Supply Depot  
  171  19:56  Widow Mine x2  
  175  20:04  Orbital Command  
  175  20:17  Refinery  
  175  20:22  Missile Turret, Widow Mine x2  
  175  20:24  Sensor Tower  
Show
View Real Time Build Order
Export as new Build Order

MCanning Protoss 

Build Orders: 1 Gate Expand, Blink Stalkers 

Get SALT Encoding   

  12  0:00  Probe  
  13  0:12  Probe  
  14  0:17  Pylon  
  14  0:24  Probe  
  15  0:36  Gateway, Probe (Chrono Boost)  
  16  0:46  Probe (Chrono Boost), Assimilator  
  17  0:51  Probe (Chrono Boost)  
  18  1:03  Probe  
  19  1:15  Probe  
  20  1:21  Nexus  
  20  1:32  Cybernetics Core  
  20  1:34  Probe  
  21  1:42  Assimilator  
  21  1:46  Probe  
  22  1:53  Pylon  
  22  1:58  Probe (Chrono Boost)  
  23  2:08  Adept (Chrono Boost)  
  23  2:10  Warp Gate  
  23  2:11  Probe (Chrono Boost)  
  26  2:20  Probe (Chrono Boost)  
  26  2:22  Twilight Council  
  27  2:25  Probe  
  28  2:34  Stalker  
  30  2:38  Probe (Chrono Boost)  
  30  2:41  Probe (Chrono Boost)  
  32  2:50  Probe (Chrono Boost)  
  34  2:53  Probe (Chrono Boost)  
  34  2:55  Blink (Chrono Boost), Probe (Chrono Boost)  
  35  3:02  Probe  
  35  3:05  Probe  
  37  3:14  Probe  
  37  3:17  Gateway, Probe  
  39  3:25  Gateway  
  39  3:26  Probe  
  40  3:29  Probe  
  41  3:37  Robotics Facility  
  41  3:38  Pylon, Probe  
  42  3:41  Probe  
  42  3:48  Assimilator  
  43  3:50  Probe  
  43  3:53  Probe  
  45  3:58  Sentry  
  45  4:02  Probe  
  48  4:04  Nexus  
  48  4:07  Probe  
  48  4:08  Pylon  
  49  4:14  Probe  
  50  4:19  Stalker  
  50  4:20  Stalker  
  54  4:26  Probe x2  
  54  4:28  Pylon  
  54  4:30  Observer  
  57  4:31  Stalker  
  57  4:36  Charge (Chrono Boost)  
  59  4:38  Probe x2  
  59  4:43  Pylon x2  
  61  4:50  Probe  
  61  4:52  Observer  
  63  4:55  Stalker  
  63  4:56  Stalker  
  63  4:59  Shield Battery, Probe  
  68  5:05  Stalker  
  70  5:10  Shield Battery  
  70  5:11  Gateway  
  70  5:14  Gateway  
  70  5:17  Gateway  
  70  5:19  Gateway  
  70  5:22  Probe x2  
  70  5:24  Probe  
  73  5:31  Stalker  
  73  5:34  Probe  
  76  5:37  Immortal  
  80  5:50  Zealot x2  
  80  5:51  Probe  
  80  5:52  Probe x2  
  86  6:01  Stargate  
  85  6:09  Assimilator  
  83  6:14  Assimilator  
  83  6:17  Nexus  
  83  6:18  Probe  
  83  6:19  Probe  
  85  6:37  Void Ray (Chrono Boost)  
  85  6:39  Templar Archives  
  84  6:43  Probe x3  
  91  6:53  Forge  
  91  6:55  Probe x2  
  93  7:04  Forge  
  93  7:05  Pylon  
  93  7:07  Probe  
  93  7:08  Probe  
  93  7:09  Probe  
  93  7:13  Psionic Storm  
  90  7:19  Probe (Chrono Boost)  
  90  7:20  Probe (Chrono Boost)  
  90  7:22  Probe (Chrono Boost)  
  94  7:31  Probe (Chrono Boost)  
  94  7:32  Probe (Chrono Boost)  
  94  7:34  Probe (Chrono Boost)  
  97  7:37  Probe (Chrono Boost)  
  97  7:38  Probe x3 (Chrono Boost), High Templar x2  
  97  7:39  High Templar  
  97  7:42  Protoss Ground Weapons Level 1 (Chrono Boost), Protoss Ground Armor Level 1 (Chrono Boost), Observer  
  107  7:44  Phoenix  
  107  7:46  Probe  
  107  7:47  Probe  
  107  7:49  Probe  
  112  7:55  Pylon  
  112  8:01  Probe x2  
  112  8:02  Probe  
  112  8:04  Probe  
  116  8:06  Pylon  
  116  8:12  Pylon  
  116  8:13  Pylon, Probe  
  116  8:17  Probe  
  116  8:19  Shield Battery  
  118  8:20  Probe  
  118  8:23  Immortal  
  118  8:26  Zealot x3  
  129  8:31  Assimilator  
  129  8:32  Robotics Facility  
  129  8:34  Probe  
  130  8:36  Pylon  
  130  8:38  Probe  
  131  8:43  Dark Shrine  
  131  8:44  Probe x2  
  131  8:46  Gateway x2, High Templar x2  
  131  8:47  High Templar  
  139  8:49  Probe  
  139  8:51  Archon  
  140  8:58  Photon Cannon  
  140  9:00  Zealot x4  
  148  9:14  Probe  
  149  9:20  Robotics Bay  
  149  9:21  Zealot x4  
  156  9:28  Pylon  
  156  9:30  Pylon  
  156  9:35  Pylon  
  156  9:42  Nexus, Pylon  
  156  9:43  Pylon  
  156  9:46  Pylon, Warp Prism (Chrono Boost)  
  156  9:47  Gateway  
  156  9:51  Photon Cannon  
  157  9:55  Photon Cannon, Probe  
  157  9:57  Photon Cannon, Pylon  
  157  10:01  High Templar x6  
  157  10:02  Photon Cannon, Warp Prism (Chrono Boost)  
  157  10:03  High Templar  
  157  10:04  Zealot x2  
  177  10:07  Archon x3  
  177  10:12  Assimilator  
  177  10:15  Nexus, Assimilator  
  177  10:16  Pylon  
  177  10:21  Protoss Ground Weapons Level 2 (Chrono Boost)  
  177  10:24  Probe, Fleet Beacon  
  172  10:29  Stargate  
  172  10:30  Zealot x2  
  172  10:31  Pylon  
  174  10:39  Zealot x5  
  174  10:40  Zealot x2  
  188  10:44  Pylon  
  188  10:47  Photon Cannon  
  186  10:50  Shield Battery  
  186  10:53  Protoss Ground Armor Level 2 (Chrono Boost)  
  183  11:04  Probe  
  183  11:09  Stargate  
  183  11:10  Shadow Stride (Chrono Boost)  
  183  11:19  Zealot x8  
  175  11:26  Tempest (Chrono Boost)  
  175  11:27  Tempest (Chrono Boost)  
  175  11:28  Probe  
  178  11:39  Mothership (Chrono Boost)  
  176  11:48  Cybernetics Core, Assimilator  
  176  11:49  Protoss Air Weapons Level 1 (Chrono Boost)  
  176  11:52  Zealot x7, Assimilator  
  190  11:58  Tempest  
  195  12:04  Flux Vanes  
  191  12:11  Stalker x3  
  182  12:30  Tempest x2 (Chrono Boost)  
  182  12:36  Probe  
  187  12:37  Protoss Air Armor Level 1 (Chrono Boost)  
  183  12:46  Nexus  
  183  12:49  Pylon  
  188  12:57  Tempest (Chrono Boost)  
  188  12:58  Probe  
  178  13:11  Tempest x2 (Chrono Boost)  
  184  13:18  Dark Templar  
  184  13:19  Dark Templar  
  186  13:21  Protoss Shields Level 1 (Chrono Boost)  
  186  13:23  Stargate  
  186  13:29  Tempest (Chrono Boost)  
  186  13:30  Probe  
  186  13:34  Photon Cannon  
  192  13:36  Photon Cannon  
  192  13:38  Photon Cannon  
  192  13:39  Shield Battery  
  192  13:40  Stalker x3  
  192  13:41  Stalker  
  199  13:44  Stalker  
  199  13:45  Stalker  
  199  13:47  Probe  
  198  13:59  Gateway  
  198  14:05  Protoss Ground Weapons Level 3 (Chrono Boost)  
  198  14:16  Protoss Air Weapons Level 2 (Chrono Boost)  
  190  14:18  Tempest  
  193  14:34  Dark Templar x3, Protoss Air Armor Level 2 (Chrono Boost)  
  199  14:38  Nexus  
  186  14:51  Photon Cannon  
  186  14:52  Photon Cannon  
  176  14:54  Photon Cannon  
  176  14:55  Tempest  
  176  14:56  Photon Cannon  
  176  14:59  Shield Battery  
  181  15:01  Shield Battery  
  181  15:03  Pylon  
  175  15:10  Stalker x8  
  175  15:11  Stalker x2  
  175  15:13  Tempest  
  192  15:21  Tempest  
  192  15:23  Protoss Shields Level 2 (Chrono Boost)  
  190  15:43  Tempest  
  195  15:51  Dark Templar x4  
  195  15:54  Tempest  
  193  15:58  Stalker x3  
  196  16:05  Probe (Chrono Boost)  
  196  16:06  Probe x3 (Chrono Boost)  
  196  16:11  Probe (Chrono Boost)  
  195  16:13  Probe x2 (Chrono Boost)  
  195  16:14  Probe x2 (Chrono Boost)  
  181  16:19  Stalker x2  
  181  16:24  Oracle  
  181  16:29  Unknown, Probe (Chrono Boost)  
  183  16:35  Probe x2 (Chrono Boost)  
  183  16:36  Probe (Chrono Boost)  
  187  16:41  Probe x2 (Chrono Boost)  
  187  16:45  Probe x2 (Chrono Boost)  
  187  16:46  Probe (Chrono Boost)  
  191  16:54  Probe x2 (Chrono Boost)  
  191  16:55  Probe (Chrono Boost)  
  191  16:56  Dark Templar, Probe (Chrono Boost)  
  188  17:11  Oracle  
  188  17:14  Nexus  
  191  17:17  Dark Templar, Tempest  
  197  17:42  Zealot x2  
  197  17:43  Zealot  
  200  17:51  Protoss Air Weapons Level 3 (Chrono Boost), Protoss Air Armor Level 3 (Chrono Boost)  
  200  17:57  Pylon  
  175  18:06  Tempest  
  175  18:09  Probe  
  175  18:11  Probe  
  176  18:13  Zealot x2  
  176  18:14  Zealot x3  
  186  18:22  Assimilator  
  186  18:27  Assimilator  
  186  18:38  Probe  
  186  18:41  Tempest  
  192  18:44  Tempest x2  
  192  18:51  Stalker x2  
  194  19:13  Void Ray (Chrono Boost)  
  189  19:19  Nexus  
  180  19:33  Oracle (Chrono Boost)  
  180  19:37  Probe  
  164  19:40  Observer  
  164  19:43  Nexus, Probe  
  164  19:45  Probe  
  166  19:52  Pylon  
  166  19:56  Pylon  
  166  19:59  Zealot x5  
  184  20:00  Oracle (Chrono Boost)  
  184  20:01  Probe  
  184  20:02  Void Ray (Chrono Boost)  
  184  20:04  Tempest (Chrono Boost)  
  189  20:18  Probe x3  
  189  20:19  Probe  
  193  20:30  Probe x2  
  193  20:31  Probe x2  
  193  20:32  Dark Templar  
Tags
 
Add a new tag
Caveats
  • Supply blocks, unpowered buildings, or Contaminate may cause inaccurate times.
  • Supply counts are checked every 10 seconds.